[Event "Titled Tuesday Blitz July 11 Late 2023"]
[White "Taboas Rodriguez, Daniel"]
[Black "benny_aizenberg"]
[WhiteFideId "2208466"]
[WhiteElo "2521"]
[BlackElo "2649"]
[Result "0-1"]
[Round "7"]
[TimeControl "180+2"]
[Date "2023.07.11"]
[WhiteClock "0:00:02"]
[BlackClock "0:00:33"]
[Board "47"]

1. d4 f5 2. Bg5 g6 3. Nd2 Bg7 4. e4 d6 5. Ngf3 Nc6 6. c3 h6 7. Be3 e5 8. dxe5 dxe5 9. Nc4 Qxd1+ 10. Rxd1 fxe4 11. Nfd2 Nf6 12. g3 Bg4 13. Be2 Be6 14. O-O O-O-O 15. a4 a6 16. b4 Nd5 17. Nb1 h5 18. Ncd2 Bf5 19. Rfe1 Bh6 20. Bxh6 Rxh6 21. Bf1 e3 22. fxe3 Bc2 23. Rc1 Bxa4 24. Bg2 Rhh8 25. Nf3 Nf6 26. Ng5 Bb3 27. Rf1 Ng4 28. Rce1 Rd3 29. Nf7 Bxf7 30. Rxf7 Rxe3 31. Rd1 Rd8 32. Rxd8+ Nxd8 33. Nd2 Nxf7 0-1


[Site "https://www.chess.com"]

[Event "Titled Tuesday Blitz July 11 Late 2023"]
[White "Rostomyan, Mikayel"]
[Black "Mindhunter08"]
[WhiteFideId "13313754"]
[WhiteElo "2640"]
[BlackElo "2517"]
[Result "1-0"]
[Round "7"]
[TimeControl "180+2"]
[Date "2023.07.11"]
[WhiteClock "0:01:02"]
[BlackClock "0:00:00"]
[Board "48"]

1. e4 e5 2. Nf3 Nc6 3. Nc3 Nf6 4. Nxe5 Nxe5 5. d4 Ng6 6. e5 Ng8 7. Bc4 d6 8. Qf3 Be6 9. Qxb7 Rb8 10. Bb5+ Ke7 11. exd6+ Kxd6 12. Qxa7 Ke7 13. O-O Nf6 14. Bg5 h6 15. Bxf6+ gxf6 16. d5 Bf5 17. d6+ Qxd6 18. Qxb8 Bg7 19. Qb7 Ne5 20. Nd5+ Kd8 21. Qa8+ Bc8 22. Rad1 Nd7 23. Nb6 cxb6 24. Rxd6 Kc7 25. Rc6+ 1-0


[Site "https://www.chess.com"]

[Event "Titled Tuesday Blitz July 11 Late 2023"]
[White "Bjelobrk, Igor"]
[Black "Urbina Perez, Juan Antonio"]
[WhiteFideId "4300726"]
[BlackFideId "2217368"]
[WhiteElo "2640"]
[BlackElo "2513"]
[Result "1-0"]
[Round "7"]
[TimeControl "180+2"]
[Date "2023.07.11"]
[WhiteClock "0:01:32"]
[BlackClock "0:01:06"]
[Board "49"]

1. d4 d5 2. c4 c6 3. Nf3 Nf6 4. Qc2 g6 5. cxd5 cxd5 6. Nc3 Nc6 7. Bf4 Nh5 8. Be5 f6 9. Bg3 Nxg3 10. hxg3 Bg7 11. Rxh7 Kf7 12. Rxh8 Bxh8 13. e3 Be6 14. Be2 Rc8 15. Rc1 Qb6 16. Qd2 Na5 17. b3 Nc6 18. Na4 Qb4 19. Nc5 Qxd2+ 20. Kxd2 b6 21. Nxe6 Kxe6 22. Bb5 Kd6 23. Nh4 a6 24. Bxc6 Rxc6 25. Rxc6+ Kxc6 26. Nxg6 Bg7 27. Nxe7+ Kd7 28. Nxd5 1-0


[Site "https://www.chess.com"]

[Event "Titled Tuesday Blitz July 11 Late 2023"]
[White "Kantans, Toms"]
[Black "Kaplan, Avi Harrison"]
[WhiteFideId "11602945"]
[BlackFideId "30934559"]
[WhiteElo "2639"]
[BlackElo "2460"]
[Result "0-1"]
[Round "7"]
[TimeControl "180+2"]
[Date "2023.07.11"]
[WhiteClock "0:00:00"]
[BlackClock "0:00:02"]
[Board "50"]

1. e4 c5 2. Nf3 d6 3. Bb5+ Nd7 4. a4 Nf6 5. Nc3 g6 6. a5 a6 7. Bc4 Bg7 8. Bxf7+ Kxf7 9. Ng5+ Kg8 10. Ne6 Qe8 11. Nc7 Qf7 12. Nxa8 Ne5 13. h3 g5 14. Nb6 Be6 15. d3 g4 16. h4 g3 17. f3 Nfg4 18. Qe2 Nf2 19. Rf1 c4 20. dxc4 Nxc4 21. Ncd5 Nxb2 22. Rb1 Bxd5 23. Nxd5 Na4 24. Rxb7 h6 25. Qc4 Kh7 26. Rxe7 Qg6 27. Qxa4 Rc8 28. Be3 Kh8 29. Qd7 Rg8 0-1


[Site "https://www.chess.com"]

[Event "Titled Tuesday Blitz July 11 Late 2023"]
[White "Pinero Rodriguez, Carlos Jose"]
[Black "Skliarov, Viktor"]
[WhiteFideId "3901726"]
[BlackFideId "14106736"]
[WhiteElo "2432"]
[BlackElo "2636"]
[Result "1/2-1/2"]
[Round "7"]
[TimeControl "180+2"]
[Date "2023.07.11"]
[WhiteClock "0:00:10"]
[BlackClock "0:00:08"]
[Board "51"]

1. b3 e5 2. Bb2 Nc6 3. e3 Nf6 4. c4 Be7 5. a3 O-O 6. Qc2 d5 7. cxd5 Nxd5 8. Nf3 Re8 9. Nc3 Nxc3 10. dxc3 Bg4 11. Rd1 Qc8 12. e4 Bxf3 13. gxf3 Qe6 14. b4 Rad8 15. Rxd8 Rxd8 16. Be2 Qh3 17. Bc1 Qg2 18. Rf1 Qxh2 19. Be3 a6 20. a4 Nxb4 21. Qb1 a5 22. Bc4 Qh3 23. Ke2 Nc6 24. Qxb7 Nb8 25. Qxc7 Qd7 26. Qxd7 Rxd7 27. Bd5 h5 28. Rb1 Na6 29. Rb5 Bd8 30. Bc4 h4 31. Rxe5 Nc7 32. Rh5 g6 33. Rc5 Ne6 34. Bxe6 fxe6 35. Kf1 Kf7 36. Kg2 Rd3 37. Bd4 Rd1 38. Rb5 Ra1 39. Rb7+ Ke8 40. Rb8 Kd7 41. Rb7+ Kc8 42. Rg7 Rxa4 43. Rxg6 Kd7 44. Rg7+ Kc6 45. Rg6 Kd7 46. Rg7+ Kc6 47. Rg6 Kd7 1/2-1/2


[Site "https://www.chess.com"]

[Event "Titled Tuesday Blitz July 11 Late 2023"]
[White "Todorovic, Bojan"]
[Black "Banzea, Alexandru-Bogdan"]
[WhiteFideId "917087"]
[BlackFideId "1232622"]
[WhiteElo "2406"]
[BlackElo "2624"]
[Result "1-0"]
[Round "7"]
[TimeControl "180+2"]
[Date "2023.07.11"]
[WhiteClock "0:00:31"]
[BlackClock "0:00:04"]
[Board "52"]

1. d4 Nf6 2. c4 c5 3. d5 b5 4. cxb5 a6 5. e3 g6 6. Nc3 Bg7 7. Nf3 O-O 8. a4 Bb7 9. Ra3 e6 10. e4 exd5 11. exd5 Re8+ 12. Be2 axb5 13. axb5 Ne4 14. Nxe4 Rxe4 15. Rxa8 Bxa8 16. O-O d6 17. Nd2 Rd4 18. Bf3 Bxd5 19. Bxd5 Rxd5 20. Qf3 Rd4 21. Qa8 Rb4 22. Qb7 Nd7 23. Ne4 Nb6 24. Bg5 Qc8 25. Qxb6 Rxe4 26. Qxd6 Rd4 27. Qe7 Rb4 28. Rd1 Bf8 29. Rd8 Qxd8 30. Qxd8 Rd4 31. Qxd4 cxd4 32. Bf4 Bc5 33. Bc7 d3 34. Kf1 Kf8 35. b6 Ke7 36. b7 Ba7 37. b8=Q Bxb8 38. Bxb8 Ke6 39. Ke1 Kd5 40. Kd2 Kc4 41. Be5 f5 42. f4 1-0


[Site "https://www.chess.com"]

[Event "Titled Tuesday Blitz July 11 Late 2023"]
[White "Duda, Jan-Krzysztof"]
[Black "Rottenwohrer Suarez, Juan"]
[WhiteFideId "1170546"]
[BlackFideId "32068182"]
[WhiteElo "3025"]
[BlackElo "2543"]
[Result "1-0"]
[Round "7"]
[TimeControl "180+2"]
[Date "2023.07.11"]
[WhiteClock "0:00:16"]
[BlackClock "0:00:00"]
[Board "53"]

1. d4 Nf6 2. c4 g6 3. g3 Bg7 4. Bg2 d6 5. Nf3 Nc6 6. O-O O-O 7. Nc3 e5 8. dxe5 Nxe5 9. b3 Nxf3+ 10. Bxf3 c6 11. Bb2 Bh3 12. Re1 Qc7 13. Qd2 Rad8 14. Rad1 Bg4 15. Bxg4 Nxg4 16. Ne4 d5 17. Bxg7 dxe4 18. Qb2 Rxd1 19. Rxd1 Re8 20. h3 Ne5 21. Bf6 Nd7 22. Bh8 Ne5 23. Bxe5 Rxe5 24. Qd4 a6 25. g4 Re7 26. Kg2 Qe5 27. Qxe5 Rxe5 28. Rd8+ Kg7 29. Rc8 Re7 30. Kg3 f5 31. gxf5 gxf5 32. Kf4 Kg6 33. Rg8+ Kf7 34. Rg5 Ke6 35. Rxf5 Rd7 36. Re5+ Kf6 37. Rxe4 Rd2 38. a4 Rb2 39. Re3 h6 40. Kg4 b5 41. axb5 cxb5 42. cxb5 axb5 43. Kh5 b4 44. Kxh6 Rc2 45. Kh5 Rc3 46. Kg4 1-0


[Site "https://www.chess.com"]

[Event "Titled Tuesday Blitz July 11 Late 2023"]
[White "Aggelis, Nikolaos"]
[Black "Ter-Sahakyan, Samvel"]
[WhiteFideId "4213220"]
[BlackFideId "13302531"]
[WhiteElo "2541"]
[BlackElo "2823"]
[Result "0-1"]
[Round "7"]
[TimeControl "180+2"]
[Date "2023.07.11"]
[WhiteClock "0:00:09"]
[BlackClock "0:00:23"]
[Board "54"]

1. c4 Nf6 2. g3 g6 3. Bg2 Bg7 4. Nf3 O-O 5. O-O d6 6. b3 e5 7. Bb2 c5 8. d3 Nc6 9. Nc3 Re8 10. e3 Bf5 11. d4 exd4 12. exd4 Ne4 13. Nd5 Bg4 14. Qc2 Bxf3 15. Bxf3 Ng5 16. Bg2 Bxd4 17. Rad1 Ne6 18. h4 Bxb2 19. Qxb2 Ned4 20. b4 b6 21. b5 Ne5 22. Rxd4 cxd4 23. Qxd4 Rc8 24. Rc1 Re6 25. f4 Ng4 26. Bf3 Nf6 27. Nb4 Qe8 28. Kg2 h5 29. Rc2 Ng4 30. Nd5 Rc5 31. Bxg4 hxg4 32. Qd1 Qa8 33. Qxg4 Rxc4 34. Rd2 Qc8 35. h5 Rc2 36. Qd1 Rxd2+ 37. Qxd2 Qc4 38. hxg6 Re2+ 0-1


[Site "https://www.chess.com"]

[Event "Titled Tuesday Blitz July 11 Late 2023"]
[White "Yeritsyan, Hayk"]
[Black "Troff, Kayden"]
[WhiteFideId "13307320"]
[BlackFideId "2047896"]
[WhiteElo "2528"]
[BlackElo "2790"]
[Result "0-1"]
[Round "7"]
[TimeControl "180+2"]
[Date "2023.07.11"]
[WhiteClock "0:00:00"]
[BlackClock "0:00:12"]
[Board "55"]

1. d4 Nf6 2. Nf3 g6 3. Bf4 Bg7 4. h3 O-O 5. e3 d5 6. c3 c5 7. Be2 Qb6 8. Qb3 Nc6 9. Nbd2 Na5 10. Qxb6 axb6 11. O-O Nc6 12. a3 Nd7 13. Rac1 e5 14. dxe5 Ndxe5 15. Nxe5 Nxe5 16. Bxe5 Bxe5 17. Nf3 Bf6 18. Rfd1 Be6 19. Rd2 Ra5 20. Rcd1 b5 21. Ne1 b4 22. axb4 cxb4 23. cxb4 Ra4 24. Nd3 b6 25. Bf3 d4 26. exd4 Bb3 27. Re1 Bg5 28. Rde2 Bc4 29. b3 Bxb3 30. Ne5 Bf6 31. Nd7 Bxd4 32. Nxf8 Kxf8 33. b5 Bc4 34. Re4 Bd3 35. Re8+ Kg7 36. Rd1 Bxb5 37. Re4 Bc5 38. Rxa4 Bxa4 39. Ra1 Bb3 40. Kf1 Bc4+ 41. Be2 Bd5 42. Rb1 Kf6 43. Bd3 Ke5 44. f3 Kd4 45. Ke2 Be6 46. Rd1 Kc3 47. Rc1+ Kb2 48. Rd1 Bb3 49. Rd2+ Kc3 50. Be4 Bc4+ 51. Kd1 b5 52. Rc2+ Kd4 53. Rd2+ Kc3 54. Rc2+ Kb4 55. Rd2 Ka3 56. Kc1 b4 57. Kb1 b3 58. Rd8 Kb4 59. Bd3 Be6 60. Re8 Kc3 61. Be4 Bd4 62. Rd8 Be5 63. Bd5 Bf5+ 64. Be4 Be6 65. Bd5 Bf5+ 66. Be4 Bxe4+ 67. fxe4 f6 68. Rd7 h5 69. g4 hxg4 70. hxg4 g5 71. Rd8 Bd4 72. Rd6 Kd3 73. e5 fxe5 74. Rg6 e4 75. Rxg5 e3 76. Rg8 e2 77. Re8 Be3 78. Rd8+ Kc4 79. Rc8+ Kd5 80. Rd8+ Kc6 81. Rc8+ Kd7 82. Rc1 Bxc1 0-1


[Site "https://www.chess.com"]

[Event "Titled Tuesday Blitz July 11 Late 2023"]
[White "Khanin, Semen"]
[Black "Santos Flores, Alberto"]
[WhiteFideId "4111990"]
[BlackFideId "3601234"]
[WhiteElo "2752"]
[BlackElo "2527"]
[Result "1-0"]
[Round "7"]
[TimeControl "180+2"]
[Date "2023.07.11"]
[WhiteClock "0:00:08"]
[BlackClock "0:00:00"]
[Board "56"]

1. e4 e6 2. d4 d5 3. e5 c5 4. c3 Qb6 5. Nf3 Nc6 6. Na3 cxd4 7. cxd4 Bxa3 8. bxa3 Nge7 9. Bd3 Bd7 10. Rb1 Qa5+ 11. Qd2 Qxd2+ 12. Bxd2 b6 13. Ke2 Nf5 14. Bc3 h5 15. g3 Rc8 16. Kd2 O-O 17. h3 Nfe7 18. g4 f6 19. exf6 Rxf6 20. Ke3 Rcf8 21. Be2 hxg4 22. hxg4 Ng6 23. Rh2 Rf4 24. Rbh1 Re4+ 25. Kd2 e5 26. Nxe5 Ncxe5 27. dxe5 Nxe5 28. g5 Bf5 29. Bb4 Rc8 30. Rh8+ Kf7 31. Bh5+ Ng6 32. Rxc8 Bxc8 33. Rc1 Rc4 34. Re1 Re4 35. Rxe4 dxe4 36. Ke3 Bf5 37. Bc3 Kf8 38. Bb4+ Kg8 39. a4 Nf8 40. a5 bxa5 41. Bxa5 Ne6 42. Be2 g6 43. Bc4 Kh7 44. a4 Nxg5 45. Bc7 Ne6 46. Bd6 Kg7 47. a5 Kf7 48. a6 Ke8 49. Bb8 1-0


[Site "https://www.chess.com"]

[Event "Titled Tuesday Blitz July 11 Late 2023"]
[White "Koc, Przemyslaw"]
[Black "Rosen, Eric"]
[WhiteFideId "1109081"]
[BlackFideId "2032562"]
[WhiteElo "2521"]
[BlackElo "2694"]
[Result "0-1"]
[Round "7"]
[TimeControl "180+2"]
[Date "2023.07.11"]
[WhiteClock "0:01:16"]
[BlackClock "0:01:54"]
[Board "57"]

1. Nf3 d5 2. d4 Nf6 3. c3 c5 4. e3 cxd4 5. exd4 Nc6 6. Bd3 Bg4 7. Nbd2 e6 8. h3 Bh5 9. Qb3 Qc7 10. O-O Bd6 11. Re1 O-O 12. a4 a6 13. Qd1 Rab8 14. Qe2 Rfc8 15. Nf1 b5 16. axb5 axb5 17. Bxb5 Bxf3 18. gxf3 Nh5 19. Bd3 Qe7 20. Kg2 Qh4 21. f4 Bxf4 22. b4 Bxc1 0-1


[Site "https://www.chess.com"]

[Event "Titled Tuesday Blitz July 11 Late 2023"]
[White "Adewumi, Tanitoluwa"]
[Black "Martinez Reyes, Pedro Ramon"]
[WhiteFideId "30966396"]
[BlackFideId "3901807"]
[WhiteElo "2648"]
[BlackElo "2515"]
[Result "1-0"]
[Round "7"]
[TimeControl "180+2"]
[Date "2023.07.11"]
[WhiteClock "0:00:36"]
[BlackClock "0:00:13"]
[Board "58"]

1. e4 g6 2. d4 Bg7 3. Nc3 a6 4. Be3 d6 5. Qd2 b5 6. a4 b4 7. Nce2 Nf6 8. f3 a5 9. Bh6 O-O 10. h4 c5 11. h5 cxd4 12. hxg6 fxg6 13. Bxg7 Kxg7 14. Qh6+ Kh8 15. Nf4 Rg8 16. Bc4 Rg7 17. Nxg6+ Rxg6 18. Qxg6 Nc6 19. Qg3 Ne5 20. Bb3 d3 21. f4 d2+ 22. Kd1 Neg4 23. Nf3 Nxe4 24. Qh4 Nef2+ 25. Kxd2 Nxh1 26. Rxh1 Nf6 27. Ng5 Qb6 28. Qxh7+ Nxh7 29. Rxh7# 1-0


[Site "https://www.chess.com"]

[Event "Titled Tuesday Blitz July 11 Late 2023"]
[White "Rangel, Daniel"]
[Black "Ovchinnikov, Vsevolod"]
[WhiteFideId "2124475"]
[BlackFideId "24176842"]
[WhiteElo "2498"]
[BlackElo "2644"]
[Result "1/2-1/2"]
[Round "7"]
[TimeControl "180+2"]
[Date "2023.07.11"]
[WhiteClock "0:00:09"]
[BlackClock "0:00:08"]
[Board "59"]

1. c4 Nf6 2. g3 g6 3. Bg2 d5 4. cxd5 Nxd5 5. Nf3 Bg7 6. O-O Nb6 7. Nc3 Nc6 8. b3 O-O 9. Bb2 Bg4 10. d3 Qd7 11. Qd2 Bh3 12. Bxh3 Qxh3 13. Ne4 e5 14. Nc5 Rab8 15. Rac1 Rfe8 16. Nxb7 Bh6 17. e3 Ne7 18. Nc5 f6 19. d4 Rbd8 20. Qe2 exd4 21. Nxd4 Ned5 22. Qf3 Nxe3 23. fxe3 Bxe3+ 24. Kh1 Bxd4 25. Bxd4 Rxd4 26. Qxf6 Rdd8 27. Rce1 Rf8 28. Qe6+ Qxe6 29. Nxe6 Rxf1+ 30. Rxf1 Rc8 31. Rd1 c5 32. Rc1 c4 33. bxc4 Rxc4 34. Rxc4 Nxc4 35. Nd4 Kf7 36. Kg2 Kf6 37. Kf3 Nd6 38. Ke3 a6 39. Kf4 g5+ 40. Ke3 Ke5 41. Nf3+ Kf5 42. h3 h5 43. Nd4+ Ke5 44. Nf3+ Kf5 45. Nd4+ Ke5 46. Nf3+ Kf5 1/2-1/2


[Site "https://www.chess.com"]

[Event "Titled Tuesday Blitz July 11 Late 2023"]
[White "JERO-8914"]
[Black "Ehlvest, Jaan"]
[BlackFideId "4500016"]
[WhiteElo "2482"]
[BlackElo "2621"]
[Result "1/2-1/2"]
[Round "7"]
[TimeControl "180+2"]
[Date "2023.07.11"]
[WhiteClock "0:01:46"]
[BlackClock "0:00:45"]
[Board "60"]

1. e4 g6 2. d4 Bg7 3. Nf3 c5 4. c3 d5 5. exd5 cxd4 6. cxd4 Nf6 7. Nc3 O-O 8. Bc4 Nbd7 9. O-O Nb6 10. Qb3 a6 11. Re1 Nxc4 12. Qxc4 b5 13. Qb4 Re8 14. Bg5 Bb7 15. Bxf6 Bxf6 16. a4 Bxd5 17. axb5 Bxf3 18. gxf3 a5 19. Qc4 e6 20. Rad1 Rc8 21. Qd3 Qb6 22. d5 Bxc3 23. bxc3 exd5 24. Rxe8+ Rxe8 25. Qxd5 a4 26. Qc6 Qxc6 27. bxc6 Rc8 28. Ra1 Rxc6 29. Rxa4 Rxc3 30. Kg2 1/2-1/2


[Site "https://www.chess.com"]

[Event "Titled Tuesday Blitz July 11 Late 2023"]
[White "Ambartsumova, Karina"]
[Black "Flynn, Jacob"]
[WhiteFideId "4166299"]
[BlackFideId "2509393"]
[WhiteElo "2606"]
[BlackElo "2470"]
[Result "1-0"]
[Round "7"]
[TimeControl "180+2"]
[Date "2023.07.11"]
[WhiteClock "0:00:11"]
[BlackClock "0:00:00"]
[Board "61"]

1. d4 Nf6 2. Nf3 d5 3. c4 e6 4. Nc3 c6 5. cxd5 exd5 6. Bg5 Be7 7. e3 h6 8. Bh4 Bf5 9. Qb3 Qb6 10. Be2 Nbd7 11. O-O O-O 12. Nd2 Rfe8 13. Na4 Qb4 14. Nc3 Qxb3 15. Nxb3 a5 16. a4 Bb4 17. Rac1 Bxc3 18. Rxc3 Ne4 19. Rcc1 Nb6 20. Ra1 g5 21. Bg3 Nxg3 22. hxg3 Re7 23. Rfc1 Kg7 24. Rc5 Bg6 25. Rxa5 Rf8 26. Ra7 Nc8 27. Ra8 Nd6 28. Rxf8 Kxf8 29. a5 f5 30. Kf1 Kg7 31. Nc5 Be8 32. Ra3 Kf6 33. Rb3 h5 34. Rb6 g4 35. b4 Kg5 36. b5 Nxb5 37. Bxb5 cxb5 38. Rxb7 Rxb7 39. Nxb7 Bc6 40. Nc5 b4 41. Ke1 h4 42. gxh4+ Kxh4 43. g3+ Kh3 44. a6 Kg2 45. Nd3 b3 46. Kd2 1-0


[Site "https://www.chess.com"]

[Event "Titled Tuesday Blitz July 11 Late 2023"]
[White "Andreassen, Lars"]
[Black "Piesik, Piotr"]
[WhiteFideId "1504878"]
[BlackFideId "1136194"]
[WhiteElo "2405"]
[BlackElo "2602"]
[Result "0-1"]
[Round "7"]
[TimeControl "180+2"]
[Date "2023.07.11"]
[WhiteClock "0:00:00"]
[BlackClock "0:01:39"]
[Board "62"]

1. d4 c5 2. Nf3 cxd4 3. c3 dxc3 4. Nxc3 Nc6 5. e4 d6 6. Bc4 e6 7. Bf4 a6 8. O-O b5 9. Bb3 Be7 10. Qe2 Qc7 11. Rac1 Qb8 12. Rfd1 Bb7 13. e5 d5 14. Nxd5 exd5 15. Bxd5 Nd8 16. e6 Qxf4 17. exf7+ Nxf7 18. Bxb7 Rd8 19. Bc6+ Kf8 20. Rxd8+ Nxd8 21. Qc2 Nf6 22. g3 Qd6 23. Be4 Nxe4 24. Qxe4 Bf6 25. Re1 Kf7 26. g4 h6 27. h3 Rf8 28. Qh7 Ne6 29. h4 Qf4 30. Re4 Qxf3 0-1


[Site "https://www.chess.com"]

[Event "Titled Tuesday Blitz July 11 Late 2023"]
[White "Shohat, Yotam"]
[Black "Seletsky, Grigory"]
[WhiteFideId "2813955"]
[BlackFideId "14112191"]
[WhiteElo "2574"]
[BlackElo "2433"]
[Result "0-1"]
[Round "7"]
[TimeControl "180+2"]
[Date "2023.07.11"]
[WhiteClock "0:00:03"]
[BlackClock "0:00:36"]
[Board "63"]

1. e4 c6 2. c4 e5 3. Nf3 d6 4. d4 Nd7 5. Nc3 Ngf6 6. Be2 Be7 7. O-O O-O 8. Be3 Qc7 9. h3 Re8 10. Qc2 Nf8 11. Nh4 Ng6 12. Nf5 Bxf5 13. exf5 Nf4 14. Bxf4 exf4 15. Bf3 g5 16. fxg6 hxg6 17. Qd2 d5 18. cxd5 cxd5 19. Nxd5 Nxd5 20. Bxd5 Red8 21. Bb3 Bf6 22. Rac1 Qd6 23. d5 Re8 24. Rfe1 Kg7 25. Bc4 a6 26. a4 Rac8 27. b3 Re5 28. Rxe5 Bxe5 29. Re1 f6 30. Qd3 Rc5 31. Qe4 Rc7 32. Bd3 g5 33. Qh7+ Kf8 34. Qh8+ Ke7 35. Qg7+ Kd8 36. Qg8+ Ke7 37. Bg6 Qd8 38. Qf7+ Kd6 39. Qe6+ Kc5 40. Rc1+ Kb4 41. Rxc7 Qxc7 42. Qf5 Kxb3 43. Qe4 b5 44. Qe3+ 0-1


[Site "https://www.chess.com"]

[Event "Titled Tuesday Blitz July 11 Late 2023"]
[White "GAO"]
[Black "ATM622"]
[WhiteElo "2399"]
[BlackElo "2556"]
[Result "1-0"]
[Round "7"]
[TimeControl "180+2"]
[Date "2023.07.11"]
[WhiteClock "0:00:05"]
[BlackClock "0:00:00"]
[Board "64"]

1. e4 c6 2. Nf3 d5 3. exd5 cxd5 4. Ne5 Nf6 5. d4 Nc6 6. Bb5 Bd7 7. Nxd7 Qxd7 8. c3 e6 9. Nd2 Bd6 10. O-O a6 11. Bd3 O-O 12. Nf3 Ne4 13. Bxe4 dxe4 14. Ng5 f5 15. Qb3 Rf6 16. d5 exd5 17. Qxd5+ Kh8 18. Bf4 h6 19. Nf7+ Qxf7 20. Qxf7 Rxf7 21. Bxd6 Rd8 22. Bf4 g5 23. Be3 f4 24. Bc5 Rd2 25. b4 Rfd7 26. Rfe1 f3 27. Rxe4 Rxa2 28. Rae1 fxg2 29. Kxg2 Kh7 30. Re8 Rc2 31. R1e3 Rf7 32. Rd3 h5 33. h4 g4 34. Rd5 Rxc3 35. Rxh5+ Kg6 36. Rg5+ Kf6 37. Rxg4 Rc2 38. Rf4+ Kg7 39. Rg4+ Kf6 40. Rf4+ Kg7 41. Rxf7+ Kxf7 42. Rc8 Nxb4 43. Rf8+ Kg7 44. Bxb4 a5 45. Bd6 Rd2 46. Rd8 Kf7 47. Bc7 Ra2 48. Rb8 Kg6 49. Rxb7 Kh5 50. Bd8 a4 51. Rb5+ Kg4 52. Bg5 a3 53. Rb4+ Kh5 54. Ra4 Ra1 55. Bf6 Ra2 56. Be7 Re2 57. Bg5 a2 58. Kf3 Rc2 59. Kg3 1-0


[Site "https://www.chess.com"]

[Event "Titled Tuesday Blitz July 11 Late 2023"]
[White "Sidletskyi, Ivan"]
[Black "Stachanczyk, Jacek"]
[WhiteFideId "14156024"]
[BlackFideId "1116657"]
[WhiteElo "2551"]
[BlackElo "2386"]
[Result "1-0"]
[Round "7"]
[TimeControl "180+2"]
[Date "2023.07.11"]
[WhiteClock "0:02:12"]
[BlackClock "0:01:41"]
[Board "65"]

1. e4 c5 2. Nf3 d6 3. d4 cxd4 4. Nxd4 Nf6 5. Nc3 Nc6 6. g3 g6 7. Nxc6 bxc6 8. Bg2 Bd7 9. b3 Bg7 10. Bb2 O-O 11. O-O Qc8 12. Re1 Bh3 13. Bh1 Nd7 14. Na4 Ne5 15. f4 Bg4 16. Qd2 Nf3+ 17. Bxf3 Bxf3 18. Bxg7 Kxg7 19. Qc3+ f6 20. Qxf3 1-0


[Site "https://www.chess.com"]

[Event "Titled Tuesday Blitz July 11 Late 2023"]
[White "Vujacic, Igor"]
[Black "brm72"]
[WhiteFideId "932620"]
[WhiteElo "2228"]
[BlackElo "2545"]
[Result "1-0"]
[Round "7"]
[TimeControl "180+2"]
[Date "2023.07.11"]
[WhiteClock "0:00:04"]
[BlackClock "0:00:00"]
[Board "66"]

1. d4 Nf6 2. Bf4 g6 3. Nc3 d5 4. e3 Bg7 5. Nb5 Na6 6. h3 O-O 7. Nf3 c6 8. Nc3 Nc7 9. Bd3 Ne6 10. Bh2 c5 11. O-O Bd7 12. Re1 Rc8 13. Bf1 a6 14. a3 Bc6 15. Ne5 cxd4 16. exd4 Qb6 17. Nxc6 Rxc6 18. Rb1 Rfc8 19. Be5 Qa5 20. g3 b5 21. Bg2 Rxc3 22. bxc3 Rxc3 23. Rb3 Rxb3 24. cxb3 Qxa3 25. Qc2 Qb4 26. Rd1 Nd7 27. Qc8+ Ndf8 28. Bxd5 Bxe5 29. dxe5 Kg7 30. Qxa6 h5 31. h4 g5 32. hxg5 Nxg5 33. Qb6 Qg4 34. Qd4 Qf5 35. f4 Nh3+ 36. Kh2 Ng6 37. Bg2 Nhxf4 38. gxf4 Nxf4 39. Rf1 Ne2 40. Rxf5 Nxd4 41. Rf4 Nxb3 42. Rb4 Nc5 43. Rxb5 Nd3 44. Rd5 Nf4 45. Rd7 e6 46. Rd4 Ng6 47. Re4 Kh6 48. Bf3 Kg5 49. Kg3 h4+ 50. Kf2 Kf5 51. Ra4 Nxe5 52. Rxh4 Ng6 53. Rh5+ Kf6 54. Rh1 e5 55. Be4 Nf4 56. Kf3 Ne6 57. Rh6+ Ke7 58. Rh7 Kf6 59. Rh6+ Ke7 60. Ke3 Nf4 61. Rh7 Kf6 62. Bc2 Ne6 63. Bb3 Ng5 64. Rh6+ Kg7 65. Rb6 f6 66. Bc2 Kf7 67. Bf5 Ke7 68. Kd3 Kf7 69. Rb7+ Ke8 70. Kc4 e4 71. Kd4 e3 72. Kxe3 Nf7 73. Bg6 Kd8 74. Bxf7 1-0


[Site "https://www.chess.com"]

[Event "Titled Tuesday Blitz July 11 Late 2023"]
[White "Cooper, Aaron"]
[Black "Morefield, Jason"]
[WhiteFideId "2634945"]
[BlackFideId "30920825"]
[WhiteElo "2263"]
[BlackElo "2767"]
[Result "0-1"]
[Round "7"]
[TimeControl "180+2"]
[Date "2023.07.11"]
[WhiteClock "0:00:07"]
[BlackClock "0:00:31"]
[Board "67"]

1. b4 a6 2. Bb2 Nc6 3. a3 Nf6 4. e3 e5 5. c4 Be7 6. Nc3 O-O 7. d3 d5 8. cxd5 Nxd5 9. Nf3 Be6 10. Be2 f6 11. O-O Kh8 12. Rc1 a5 13. b5 Na7 14. Nxd5 Bxd5 15. e4 Bg8 16. d4 exd4 17. Nxd4 Bd6 18. Nf5 Bf4 19. Qxd8 Rfxd8 20. Rcd1 Bb3 21. Rxd8+ Rxd8 22. g3 Rd2 23. gxf4 Rxb2 24. Bd3 g6 25. Nd4 Ba4 26. Rc1 c6 27. bxc6 Nxc6 28. Nxc6 Bxc6 29. e5 Kg7 30. e6 Kf8 31. f5 gxf5 32. Bxf5 Rb3 33. Re1 Ke7 34. Bxh7 Rxa3 35. Bf5 Rf3 36. Be4 Bxe4 37. Rxe4 b5 38. Kg2 Rf5 39. f4 b4 40. Kf3 b3 41. Re1 a4 42. Ke4 Rb5 43. Kd3 a3 44. Kc4 Rb6 45. f5 b2 46. Rd1 b1=Q 47. Rd7+ Ke8 48. Rf7 Qe4+ 49. Kc5 Rc6+ 50. Kb5 Qc4+ 51. Ka5 Ra6# 0-1


[Site "https://www.chess.com"]

[Event "Titled Tuesday Blitz July 11 Late 2023"]
[White "Krzyzanowski, Marcin"]
[Black "Matt, Fabian"]
[WhiteFideId "1132199"]
[BlackFideId "1623303"]
[WhiteElo "2768"]
[BlackElo "2450"]
[Result "1-0"]
[Round "7"]
[TimeControl "180+2"]
[Date "2023.07.11"]
[WhiteClock "0:00:45"]
[BlackClock "0:01:01"]
[Board "68"]

1. Nf3 Nf6 2. g3 d5 3. Bg2 Bf5 4. O-O e6 5. c4 c6 6. d3 h6 7. cxd5 exd5 8. Nc3 Be7 9. e4 dxe4 10. Nh4 Bg4 11. Qb3 Qb6 12. dxe4 Qxb3 13. axb3 Nbd7 14. Be3 a6 15. h3 Be6 16. Nf5 Bf8 17. Nd4 Nc5 18. b4 Nb3 19. Nxe6 fxe6 20. Ra3 a5 21. Rxb3 axb4 22. Ne2 c5 23. Rc1 Rc8 24. Rxb4 1-0


[Site "https://www.chess.com"]

[Event "Titled Tuesday Blitz July 11 Late 2023"]
[White "Mikhailov, Viacheslav"]
[Black "Nunez V, Gustavo Eduardo"]
[WhiteFideId "4187369"]
[BlackFideId "4403690"]
[WhiteElo "2640"]
[BlackElo "2447"]
[Result "1-0"]
[Round "7"]
[TimeControl "180+2"]
[Date "2023.07.11"]
[WhiteClock "0:01:48"]
[BlackClock "0:00:12"]
[Board "69"]

1. Nf3 g6 2. g3 Bg7 3. Bg2 Nf6 4. O-O O-O 5. c4 c5 6. Nc3 Nc6 7. d4 d6 8. b3 Bf5 9. Bb2 cxd4 10. Nxd4 Nxd4 11. Qxd4 Ne4 12. Qe3 Nxc3 13. Bxc3 Bxc3 14. Qxc3 Qc7 15. h4 h5 16. Rac1 Rac8 17. Rfd1 Bd7 18. Qe3 Bc6 19. c5 Rfd8 20. cxd6 Rxd6 21. Rxd6 Qxd6 22. Bxc6 Rxc6 23. Rxc6 bxc6 24. Qxa7 Qd1+ 25. Kg2 Qxe2 26. Qa8+ Kg7 27. Qxc6 Qxa2 28. b4 e5 29. b5 Qa4 30. Qd5 e4 31. b6 Qb4 32. b7 Kh6 33. Qd8 Qd4 34. Qxd4 1-0


[Site "https://www.chess.com"]

[Event "Titled Tuesday Blitz July 11 Late 2023"]
[White "Bueno, Alfeu Junior Varela"]
[Black "Di Berardino, Diego Rafael"]
[WhiteFideId "2108879"]
[BlackFideId "2105446"]
[WhiteElo "2445"]
[BlackElo "2620"]
[Result "0-1"]
[Round "7"]
[TimeControl "180+2"]
[Date "2023.07.11"]
[WhiteClock "0:00:05"]
[BlackClock "0:00:51"]
[Board "70"]

1. e4 c5 2. Nc3 Nc6 3. f4 g6 4. Nf3 Bg7 5. Bb5 Nd4 6. O-O Nxb5 7. Nxb5 d5 8. exd5 a6 9. Nc3 Nf6 10. d4 c4 11. Qe2 b5 12. Ne5 Bb7 13. a4 Nxd5 14. axb5 Nxc3 15. bxc3 axb5 16. Ba3 O-O 17. Bb4 Re8 18. f5 Rxa1 19. Rxa1 gxf5 20. Rf1 e6 21. Rf4 Qd5 22. Rh4 Ra8 23. h3 Ra1+ 24. Kh2 Re1 25. Qf2 Bxe5+ 26. dxe5 Qxe5+ 27. Rf4 Re2 28. Qg3+ Kh8 29. Rf2 f4 30. Rxe2 fxg3+ 0-1


[Site "https://www.chess.com"]